 Dungeon Sprint DCSS version 0.30-a0-629-gd54f4be4f7 (webtiles) character file.

Game seed: 13843320267928281493

271783 jt the Fetichist (level 12, 63/90 HPs)
             Began as a Barachi Artificer on Jan 12, 2023.
             Was an Initiate of Gozag.
             Escaped with the Orb!
             The game lasted 00:23:12 (3188 turns).

jt the Fetichist (Barachi Artificer)                Turns: 3188, Time: 00:23:13

Health: 63/90      AC: 32    Str: 20    XL:     12   Next: 51%
Magic:  12/12      EV: 16    Int: 10    God:    Gozag
Gold:   3433       SH: 12    Dex: 19    Spells: 11/11 levels left

rFire   . . .      SeeInvis +    a - +3 war axe (elec)
rCold   . . .      Faith    .    L - +2 buckler
rNeg    + . .      Spirit   .    C - +5 shadow dragon scales of Xorphoju {Slay+2 Stlth++++}
rPois   +          Reflect  .    J - +1 helmet of Hedging {Dex+4}
rElec   .          Harm     .    u - +2 ratskin cloak {*Rats rPois rN+ Str-1 Int-1 Dex+1}
rCorr   .          Rampage  .    K - +1 pair of gloves
Will    .....      NoTele   +    (no boots)
Stlth   ++                       (no amulet)
HPRegen 0.35/turn                g - ring "Puig" {EV+5 Str+3}
MPRegen 0.13/turn                I - ring of see invisible

@: unable to hop, hasted (expiring), very quick
A: amphibious, slowness 1, strong legs 1, +LOS, iridescent scales 1, large bone
plates 1, frail 1, screaming 1, evolution 1, inability to read after injury 1
0: Orb of Zot
a: Hop, Renounce Religion, Potion Petition, Call Merchant, Bribe Branch


You escaped.
You worshipped Gozag.
Gozag was most pleased with you.
You visited 1 branch You collected 7970 gold pieces.
You spent 3298 gold pieces at shops.
You paid 1239 gold pieces to Gozag.

Inventory:

Hand Weapons
 a - a +3 war axe of electrocution (weapon)
 e - a +0 longbow
 j - a +0 club
 n - a +0 flail
 o - a +0 scythe
 q - a +0 dagger of draining
 s - a +0 hand axe
 t - a +0 whip
 E - a +3 shortbow of draining
 M - a +0 trident
 O - a +1 long sword of holy wrath
Missiles
 r - 4 curare-tipped darts
Armour
 b - a +0 leather armour
 m - a +0 ring mail
 u - the +2 ratskin cloak (worn) {*Rats rPois rN+ Str-1 Int-1 Dex+1}
   (You found it in the Dungeon)

   When the wearer is hurt, rats may emerge from it to assist them.
   Str:       It affects your strength (-1).
   Int:       It affects your intelligence (-1).
   Dex:       It affects your dexterity (+1).
   rPois:     It protects you from poison.
   rN:        It protects you from negative energy.
 C - the +5 shadow dragon scales of Xorphoju (worn) {Slay+2 Stlth++++}
   (You found it in the Dungeon)

   Slay:      It affects your accuracy & damage with ranged weapons and melee
   (+2).
   Stlth:     It makes you much more stealthy.
 J - the +1 helmet of Hedging (worn) {Dex+4}
   (You bought it in a shop in the Dungeon)

   Dex:       It affects your dexterity (+4).
 K - a +1 pair of gloves (worn)
 L - a +2 buckler (worn)
Jewellery
 g - the ring "Puig" (left hand) {EV+5 Str+3}
   (You found it in the Dungeon)

   [ring of evasion]

   EV:        It affects your evasion (+5).
   Str:       It affects your strength (+3).
 l - a ring of magical power
 I - a ring of see invisible (right hand)
Wands
 c - a wand of flame (5) (quivered)
Scrolls
 k - a scroll of blinking
 p - a scroll of fog
 v - a scroll of magic mapping
 x - 2 scrolls of butterflies
 y - 3 scrolls of silence
 F - a scroll of immolation
 G - 2 scrolls of poison
 H - 4 scrolls of fear
Potions
 d - a potion of ambrosia
 f - 9 potions of curing
 h - a potion of haste
 i - 2 potions of magic
 w - a potion of lignification
 z - a potion of attraction
 A - 2 potions of mutation
 N - 3 potions of heal wounds
 P - 2 potions of resistance
 Q - a potion of cancellation
 R - a potion of invisibility
Miscellaneous
 B - a tin of tremorstones (1/2)
 D - a piece from Xom's chessboard (15/15)


   Skills:
 - Level 11.6 Fighting
 - Level 16.0 Axes
 - Level 9.7 Throwing
 - Level 11.9 Armour
 - Level 7.1 Dodging
 - Level 12.6 Stealth
 - Level 7.2 Shields
 + Level 19.0 Evocations


You had 11 spell levels left.
You didn't know any spells.
Your spell library contained the following spells:

 Spells                   Type           Power      Damage    Failure   Level
 Portal Projectile        Hex/Tloc       0%         N/A       100%        3
 Tukima's Dance           Hex            0%         N/A       100%        3
 Blade Hands              Tmut           0%         N/A       100%        5


Dungeon Overview and Level Annotations

Branches:
Dungeon (1/1)

Altars:
Cheibriados
Dithmenos
Elyvilon
Fedhas
Gozag
Hepliaklqana
Kikubaaqudgha
Makhleb
Nemelex Xobeh
Okawaru
Qazlal
Ru
Sif Muna
Trog
Uskayaw
Vehumet
Wu Jian
Xom
Yredelemnul
Zin
The Shining One
Jiyva
Lugonu

Shops:
D !!(!!(:?([*[[*[[[*![(*

Annotations:
D Tiamat


Innate Abilities, Weirdness & Mutations

You are amphibious.
You cover ground slowly.
You can hop short distances.
You have an extended range of vision and can be seen from far away.
You are partially covered in iridescent scales. (AC +2)
You are partially covered in large bone plates. (SH +4)
You are frail. (-10% HP)
You occasionally shout uncontrollably at your foes.
You have hidden genetic potential.
You occasionally lose the ability to read scrolls when taking damage.


Message History

Press: ? - help, Dir - move target Boing!
There is an open door, spattered with blood here.
There is an open door, spattered with blood here.
There is an open door here.
You see here a +0 robe.
There is an open door here.
You see here a +0 robe.
There is an open door, spattered with blood here.
A smoke demon comes into view.
The smoke demon roars!
A hellwing comes into view.
There is an open door here.
The tremorstone explodes into fragments!
The burst of rock shards engulfs the smoke demon!
The burst of rock shards engulfs you but does no damage.
The burst of rock shards engulfs the hellwing.
The burst of rock shards engulfs the smoke demon!
The burst of rock shards engulfs you but does no damage.
The burst of rock shards engulfs the hellwing.
The burst of rock shards engulfs the smoke demon!
You kill the smoke demon!
The burst of rock shards engulfs you but does no damage.
The burst of rock shards engulfs the hellwing.
Your Evocations skill increases to level 19!
You block the hellwing's attack. The hellwing misses you.
You block the hellwing's attack. x2
There is an open door, spattered with blood here.
You see here 45 gold pieces.
The hellwing swoops through the air toward you!
You block the hellwing's attack. x2
There is an open door here.
The hellwing hits you but does no damage.
The hellwing closely misses you.
There is an open door here.
You see here a +0 club.
There is an open door here.
Your extra speed is starting to run out.
There is a staircase leading out of the dungeon here.
You have escaped!

##################
#@.#..'..#[.$..#__
#..4).#.)'..#..'..
#..#####'#####'#__
#..####..#...#.###
#..#__####..##.#§§
#..#_____##'#_.)~~
#⌠⌠#_.∩...'..._#~§
####_..__##_.#'##+
*$$#_____###'#.#..


You could see a hellwing.

Vanquished Creatures
  4 fire giants (D)
  A hydra (D)
  2 centaur warriors (D)
  Sonja (D)
  A deep troll (D)
  A lindwurm (D)
  8 shining eyes (D)
  A demonic crawler (D)
  A smoke demon (D)
  A merfolk siren (D)
  2 kobold demonologists (D)
  7 unseen horrors (D)
  A hellwing (D)
  A hornet (D)
  A slime creature (D)
  Sigmund (D)
  13 hogs (D)
  A yak (D)
  7 floating eyes (D)
  An ogre (D)
  3 necrophages (D)
  4 jellies (D)
  Ijyb (D)
64 creatures vanquished.

Vanquished Creatures (collateral kills)
  An oklob plant (D)
  A gargoyle (D)
  A necrophage (D)
  4 jellies (D)
7 creatures vanquished.

Vanquished Creatures (others)
  A merfolk siren (D)
  3 demonic crawlers (D)
  A gargoyle (D)
  2 redbacks (D)
  3 necrophages (D)
  2 ballistomycete spores (D)
12 creatures vanquished.

Grand Total: 83 creatures vanquished

Notes
Turn   | Place    | Note
-------+----------+-------------------------------------------
     0 | D        | jt the Barachi Artificer began the quest for the Orb.
     0 | D        | Reached XP level 1. HP: 15/15 MP: 1/1
     2 | D        | Noticed Ijyb
     5 | D        | Killed Ijyb
     6 | D        | Reached skill level 5 in Evocations
     6 | D        | Reached XP level 2. HP: 20/21 MP: 2/2
     6 | D        | Reached XP level 3. HP: 24/26 MP: 3/3
    21 | D        | Noticed an ogre
    22 | D        | Killed an ogre
    23 | D        | Reached skill level 7 in Evocations
    23 | D        | Reached XP level 4. HP: 32/32 MP: 4/4
    36 | D        | Noticed Sigmund
    38 | D        | Killed Sigmund
    39 | D        | Reached skill level 10 in Evocations
    39 | D        | Reached XP level 5. HP: 37/37 MP: 5/5
    39 | D        | Reached XP level 6. HP: 43/43 MP: 6/6
    55 | D        | Found a shimmering blue altar of Sif Muna.
    56 | D        | Found an ornate altar of the Wu Jian Council.
    58 | D        | Found a radiant altar of Vehumet.
    89 | D        | Noticed Sonja
    90 | D        | Killed Sonja
    91 | D        | Reached skill level 5 in Dodging
    91 | D        | Reached skill level 10 in Stealth
    91 | D        | Reached skill level 11 in Evocations
    91 | D        | Reached XP level 7. HP: 58/58 MP: 7/7
   108 | D        | Found Nasics's Distillery.
   128 | D        | Found the +2 ratskin cloak {*Rats rPois rN+ Str-1 Int-1
                  | Dex+1}
   171 | D        | Found Umaegh Zifi's Distillery.
   171 | D        | Found an ancient bone altar of Kikubaaqudgha.
   171 | D        | Found a stormy altar of Qazlal.
   171 | D        | Found a blossoming altar of Fedhas.
   171 | D        | Found a bloodstained altar of Trog.
   171 | D        | Found an iron altar of Okawaru.
   171 | D        | Found a glowing golden altar of the Shining One.
   171 | D        | Found a glowing silver altar of Zin.
   171 | D        | Found a white marble altar of Elyvilon.
   171 | D        | Noticed a yak
   189 | D        | Killed a yak
   190 | D        | Reached skill level 5 in Throwing
   190 | D        | Reached XP level 8. HP: 9/65 MP: 8/8
   190 | D        | Found a hazy altar of Hepliaklqana.
   190 | D        | Found a hide-covered altar of Uskayaw.
   190 | D        | Found a basalt altar of Yredelemnul.
   190 | D        | Found an opulent altar of Gozag.
   190 | D        | Found a snail-covered altar of Cheibriados.
   190 | D        | Found a sacrificial altar of Ru.
   190 | D        | Found a shadowy altar of Dithmenos.
   191 | D        | Found a sparkling altar of Nemelex Xobeh.
   195 | D        | Bought a potion of might for 44 gold pieces
   195 | D        | Bought a potion of curing for 33 gold pieces
   195 | D        | Bought a potion of heal wounds for 55 gold pieces
   195 | D        | Bought 2 potions of lignification for 66 gold pieces
   379 | D        | Became a worshipper of Gozag Ym Sagoz the Greedy
   389 | D        | Noticed a deep troll
   398 | D        | Killed a deep troll
   399 | D        | Reached skill level 12 in Evocations
   415 | D        | Found Ceemicsu's Armour Emporium.
   459 | D        | Found a viscous altar of Jiyva.
   459 | D        | Found a corrupted altar of Lugonu.
   459 | D        | Noticed a slime creature
   460 | D        | Found a burning altar of Makhleb.
   460 | D        | Found a shimmering altar of Xom.
   462 | D        | Killed a slime creature
   463 | D        | Reached XP level 9. HP: 74/74 MP: 9/9
   478 | D        | Noticed a kobold demonologist
   479 | D        | Noticed a kobold demonologist
   481 | D        | Paralysed by a floating eye for 4 turns
   490 | D        | Killed a kobold demonologist
   496 | D        | Killed a kobold demonologist
   497 | D        | Reached skill level 5 in Armour
   497 | D        | Reached skill level 13 in Evocations
   497 | D        | Noticed a demonic crawler
   497 | D        | Noticed a demonic crawler
   497 | D        | Noticed a demonic crawler
   497 | D        | Noticed a demonic crawler
   601 | D        | Noticed a centaur warrior
   608 | D        | Noticed a centaur warrior
   609 | D        | Killed a centaur warrior
   612 | D        | Killed a centaur warrior
   613 | D        | Reached skill level 10 in Fighting
   613 | D        | Reached XP level 10. HP: 37/86 MP: 10/10
   790 | D        | Bought a potion of attraction for 39 gold pieces
   808 | D        | Bought a potion of mutation for 88 gold pieces
   824 | D        | Noticed an oklob plant
   848 | D        | Reached skill level 14 in Evocations
  1113 | D        | Found Ihuar's Magic Scroll Shoppe.
  1114 | D        | Found Soplih's Book Shop.
  1114 | D        | Found Puyweg's Weapon Boutique.
  1142 | D        | Identified the ring "Puig" {EV+5 Str+3}
  1152 | D        | Identified the +5 shadow dragon scales of Xorphoju {Slay+2
                  | Stlth++++}
  1202 | D        | Found Xaysmazi's Antique Armour Emporium.
  1202 | D        | Found Popy's Assorted Antiques.
  1202 | D        | Found Huhoc's Antique Armour Shoppe.
  1202 | D        | Found Qial's Antique Armour Boutique.
  1202 | D        | Found Dassymub's General Store.
  1202 | D        | Found Sucut's Antique Armour Shop.
  1202 | D        | Found Qutear's Antique Armour Shoppe.
  1202 | D        | Found Xosugg's Armour Boutique.
  1203 | D        | Bought a scroll of identify for 20 gold pieces
  1203 | D        | Bought a scroll of immolation for 40 gold pieces
  1205 | D        | Found Iwneuh's Distillery.
  1205 | D        | Found Lij Kabb's General Store.
  1206 | D        | Found Meaqyasch's Weapon Emporium.
  1221 | D        | Bought a scroll of blinking for 105 gold pieces
  1228 | D        | Bought 2 scrolls labelled LYSOLI NEORO for 50 gold pieces
  1228 | D        | Bought 3 scrolls labelled LIGINT YMEYJ for 75 gold pieces
  1228 | D        | Bought a scroll labelled ZOSSIH DYDUDD for 25 gold pieces
  1228 | D        | Bought a twisted jade ring for 125 gold pieces
  1242 | D        | Noticed an unseen horror
  1242 | D        | Noticed an unseen horror
  1289 | D        | Killed an unseen horror
  1322 | D        | Killed an unseen horror
  1338 | D        | Bought a glimmering helmet for 171 gold pieces
  1338 | D        | Identified the +1 helmet of Hedging {Dex+4} (You bought it
                  | in a shop in the Dungeon)
  1343 | D        | Bought a pair of gloves for 81 gold pieces
  1348 | D        | Bought a shiny buckler for 135 gold pieces
  1526 | D        | Killed a gargoyle
  1576 | D        | Killed a demonic crawler
  1681 | D        | Noticed a gargoyle
  1692 | D        | Killed a gargoyle
  1746 | D        | Noticed a lindwurm
  1756 | D        | Killed a lindwurm
  1757 | D        | Reached skill level 10 in Armour
  1919 | D        | Bought a scroll of blinking for 97 gold pieces
  1919 | D        | Bought a +1 war axe of electrocution for 204 gold pieces
  1967 | D        | Bought a scroll of enchant armour for 75 gold pieces
  1967 | D        | Bought a scroll of enchant weapon for 75 gold pieces
  1972 | D        | Bought a scroll of enchant weapon for 75 gold pieces
  1972 | D        | Bought a potion of heal wounds for 50 gold pieces
  1972 | D        | Bought a potion of curing for 30 gold pieces
  1997 | D        | Killed an oklob plant
  1998 | D        | Reached skill level 5 in Axes
  1998 | D        | Reached skill level 5 in Shields
  2083 | D        | Reached XP level 11. HP: 94/94 MP: 11/11
  2194 | D        | Noticed a daeva
  2226 | D        | Reached skill level 10 in Axes
  2395 | D        | Noticed a 12-headed hydra
  2398 | D        | Killed a 12-headed hydra
  2443 | D        | Noticed a deep elf annihilator
  2720 | D        | Bought a potion of resistance for 130 gold pieces
  2761 | D        | Bought a potion of heal wounds for 55 gold pieces
  2761 | D        | Bought a potion of resistance for 110 gold pieces
  2761 | D        | Bought a potion of cancellation for 88 gold pieces
  2762 | D        | Bought a scroll of fear for 56 gold pieces
  2804 | D        | Bought 2 potions of curing for 78 gold pieces
  2804 | D        | Bought a potion of heal wounds for 65 gold pieces
  2804 | D        | Bought a potion of heal wounds for 65 gold pieces
  2849 | D        | Bought a scroll of magic mapping for 75 gold pieces
  2855 | D        | Bought a scroll of identify for 20 gold pieces
  2894 | D        | Noticed a shining eye
  2894 | D        | Noticed a shining eye
  2894 | D        | Noticed a shining eye
  2894 | D        | Gained mutation: Armour fits poorly on your strangely
                  | shaped body. [a shining eye]
  2895 | D        | Gained mutation: You occasionally lose the ability to read
                  | scrolls when taking damage. [a shining eye]
  2896 | D        | Killed a shining eye
  2896 | D        | Gained mutation: You occasionally shout uncontrollably at
                  | your foes. [a shining eye]
  2896 | D        | Noticed a shining eye
  2897 | D        | Reached skill level 15 in Evocations
  2897 | D        | Gained mutation: You sometimes lose your temper in combat.
                  | [a shining eye]
  2899 | D        | Noticed a shining eye
  2904 | D        | Noticed a shining eye
  2904 | D        | Gained mutation: You frequently scream uncontrollably at
                  | your foes. [a shining eye]
  2906 | D        | Killed a shining eye
  2906 | D        | Noticed a shining eye
  2907 | D        | Gained mutation: You are agile. (Dex +4, Str/Int -1) [a
                  | shining eye]
  2911 | D        | Killed a shining eye
  2912 | D        | Killed a shining eye
  2912 | D        | Killed a shining eye
  2913 | D        | Killed a shining eye
  2913 | D        | Killed a shining eye
  2914 | D        | Reached skill level 16 in Evocations
  2914 | D        | Reached XP level 12. HP: 100/100 MP: 12/12
  2917 | D        | Reached skill level 15 in Axes
  2942 | D        | Found Goruruef's Distillery.
  2942 | D        | Found Degiaf's Distillery.
  2942 | D        | Found Jiuteo Guve's Weapon Emporium.
  2942 | D        | Found Dizeop Pojo's Weapon Boutique.
  2943 | D        | Lost mutation: You sometimes lose your temper in combat.
                  | [potion of mutation]
  2943 | D        | Lost mutation: Armour fits poorly on your strangely shaped
                  | body. [potion of mutation]
  2943 | D        | Gained mutation: You are partially covered in large bone
                  | plates. (SH +4) [potion of mutation]
  2943 | D        | Gained mutation: You have hidden genetic defects. [potion
                  | of mutation]
  2943 | D        | Gained mutation: You are frail. (-10% HP) [potion of
                  | mutation]
  2947 | D        | Bought 2 potions of mutation for 192 gold pieces
  2947 | D        | Lost mutation: You frequently scream uncontrollably at your
                  | foes. [potion of mutation]
  2947 | D        | Lost mutation: You are agile. (Dex +4, Str/Int -1) [potion
                  | of mutation]
  2947 | D        | Lost mutation: You have hidden genetic defects. [potion of
                  | mutation]
  2947 | D        | Gained mutation: You have hidden genetic potential. [potion
                  | of mutation]
  2947 | D        | Gained mutation: You are partially covered in iridescent
                  | scales. (AC +2) [potion of mutation]
  2948 | D        | Bought a potion of haste for 120 gold pieces
  2948 | D        | Bought a potion of haste for 120 gold pieces
  2948 | D        | Bought a potion of curing for 36 gold pieces
  2959 | D        | Bought a potion of mutation for 80 gold pieces
  2959 | D        | Bought a potion of invisibility for 80 gold pieces
  2959 | D        | Bought a potion of resistance for 100 gold pieces
  2959 | D        | Bought a potion of curing for 30 gold pieces
  2959 | D        | Bought a potion of curing for 30 gold pieces
  2959 | D        | Bought a potion of degeneration for 10 gold pieces
  3053 | D        | Noticed a fire giant
  3056 | D        | Noticed a fire giant
  3057 | D        | Noticed a fire giant
  3066 | D        | Killed a fire giant
  3075 | D        | Killed a fire giant
  3076 | D        | Reached skill level 17 in Evocations
  3078 | D        | Killed a fire giant
  3079 | D        | Reached skill level 18 in Evocations
  3082 | D        | Noticed a fire giant
  3092 | D        | Killed a fire giant
  3120 | D        | Found the +4 dragonskin cloak
  3120 | D        | Noticed Tiamat
  3129 | D        | Got the Orb of Zot
  3142 | D        | Noticed a Tzitzimitl
  3173 | D        | Reached skill level 19 in Evocations
  3188 | D        | Escaped with the Orb!

Illustrated notes

Levels and vault maps discovered:
D:        dungeon_sprint_1 [red_sonja_temple_1, red_sonja_temple_small_1]

Skill      XL: |  1  2  3  4  5  6  7  8  9 10 11 12 |
---------------+-------------------------------------+-----
Stealth        | 4 6 8 10 11 12 | 12.6
Evocations     | 5 7 10 11 12 13 14 16 19 | 19.0
Fighting       | 6 8 10 11 | 11.6
Throwing       | 4 5 6 8 9 |  9.7
Dodging        | 5 7 |  7.1
Armour         | 3 7 10 11 | 11.9
Axes           | 5 14 16 | 16.0
Shields        | 5 7 |  7.2

Action                   |  1- 3 |  4- 6 |  7- 9 | 10-12 || total
-------------------------+-------+-------+-------+-------++-------
Melee: Club              |       |       |    24 |       ||    24
       Dagger            |       |       |       |    95 ||    95
       Hand axe          |       |       |       |    66 ||    66
       War axe           |       |       |       |   113 ||   113
Throw: Dart              |       |       |     3 |     5 ||     8
Invok: Potion Petition   |       |       |       |     1 ||     1
       Call Merchant     |       |       |       |     1 ||     1
 Abil: Hop               |       |       |       |     4 ||     4
Evoke: Wand              |     4 |     5 |    20 |    27 ||    56
       Tin of tremorston |       |       |       |     9 ||     9
  Use: Potion            |       |       |     1 |    14 ||    15
       Scroll            |       |       |       |    12 ||    12
 Stab: Sleeping          |       |       |       |     5 ||     5
       Distracted        |       |       |       |     2 ||     2
Armor: Ring mail         |       |       |     6 |       ||     6
       Scale mail        |       |       |     5 |    18 ||    23
       Shadow dragon sca |       |       |       |   207 ||   207
       Skin              |       |       |       |     2 ||     2
Dodge: Dodged            |     1 |       |    14 |   255 ||   270
Block: Buckler           |       |       |       |    96 ||    96

Table legend: (Time is in decaauts)
 A = Elapsed time spent in this place.
 B = Non-inter-level travel time spent in this place.
 C = Inter-level travel time spent in this place.
 D = Time resting spent in this place.
 E = Time spent auto-exploring this place.
 F = Levels seen in this place.
 G = Mean time per level.
                   A        B        C        D        E       F      G
               +--------+--------+--------+--------+--------+-----+--------+
         Total |   3409 |   3063 |    346 |   1243 |      0 |   1 | 3409.0 |
       Dungeon |   3409 |   3063 |    346 |   1243 |      0 |   1 | 3409.0 |
               +--------+--------+--------+--------+--------+-----+--------+

Top non-repeatable levels by time:
       D: 3409 daAuts
